 Dungeon Crawl Stone Soup version 0.27-a0-869-g165b36e3f0 (webtiles) character file.

Game seed: 2974339374987349196

247 jestyr24 the Firebug (level 6, -1/36 HPs)
             Began as a Gargoyle Fire Elementalist on Apr 3, 2021.
             Slain by Pikel
             ... wielding a +1 whip of electrocution
              (7 damage)
             ... on level 4 of the Dungeon.
             The game lasted 00:13:41 (3469 turns).

jestyr24 the Firebug (Gargoyle Fire Elementalist)   Turns: 3469, Time: 00:13:42

Health: -1/36      AC:  6    Str: 12    XL:     6   Next: 11%
Magic:  10/10      EV: 12    Int: 17    God:
Gold:   164        SH:  0    Dex: 10    Spells: 6/10 levels left

rFire    + . .     SeeInvis .   n - +3 great sword
rCold    x . .     Faith    .   (shield currently unavailable)
rNeg     + . .     Spirit   .   a - +0 robe
rPois    ∞         Reflect  .   (no helmet)
rElec    +         Harm     .   (no cloak)
rCorr    .         Rampage  .   (no gloves)
Will     .....                  (no boots)
Stlth    ++........             c - amulet of magic regeneration
HPRegen  0.12/turn              i - ring of fire
MPRegen  0.37/turn              (no ring)

@: no status effects
A: AC +4, negative energy resistance 1, electricity resistance, torment
resistance 1, unbreathing 1, petrification resistance
a: no special abilities


You were on level 4 of the Dungeon.
You visited 1 branch of the dungeon, and saw 4 of its levels.

You collected 164 gold pieces.

Inventory:

Hand Weapons
 b - a +1 dagger of protection
 e - a +1 spear of venom
 g - a +2 vorpal quarterstaff
 m - a +3 falchion of holy wrath
 n - a +3 great sword (weapon)
Missiles
 l - 4 datura-tipped darts
Armour
 a - a +0 robe (worn)
Jewellery
 c - an amulet of magic regeneration (around neck)
 i - a ring of fire (left hand)
Scrolls
 d - a scroll of fear
 k - 2 scrolls of magic mapping
Potions
 j - a potion of flight {unknown}
 o - a potion of invisibility {unknown}
 p - a potion of might {unknown}
 q - a potion of brilliance {unknown}


   Skills:
 * Level 2.9 Fighting
 - Level 0.2 Short Blades
 - Level 1.9 Dodging
 + Level 3.1 Stealth
 + Level 2.7 Spellcasting
 + Level 2.1 Conjurations
 * Level 1.5 Hexes
 + Level 4.0 Fire Magic


You had 6 spell levels left.
You knew the following spells:

 Your Spells              Type           Power      Damage    Failure   Level
a - Foxfire               Conj/Fire      76%        2x1d7     4%          1
b - Inner Flame           Hex/Fire       17%        N/A       17%         3

Your spell library contained the following spells:

 Spells                   Type           Power      Damage    Failure   Level
 Corona                   Hex            7%         N/A       10%         1
 Conjure Flame            Conj/Fire      19%        6-21      16%         3
 Animate Skeleton         Necr           4%         N/A       19%         1
 Apportation              Tloc           4%         N/A       19%         1
 Summon Small Mammal      Summ           8%         N/A       19%         1
 Sticky Flame             Conj/Fire      19%        2d4       45%         4
 Fireball                 Conj/Fire      9%         3d6       80%         5


Dungeon Overview and Level Annotations

Branches:
Dungeon (4/15)
 Temple: D:4-7

Altars:
Trog

Annotations:
D:4 Pikel


Innate Abilities, Weirdness & Mutations

Your stone body is resilient. (AC +4)
You are immune to poison.
You resist negative energy. (rN+)
You are resistant to electric shocks. (rElec)
You are resistant to unholy torment.
You can survive without breathing.
You are immune to petrification.


Message History

The orc misses you.
You riposte.
You hit the orc.
You kill the orc!
The goblin moves out of view.
Pikel barely misses you.
Things that are here:
a +0 dagger; a +0 leather armour; an orc corpse You hit Pikel.
Pikel is lightly wounded.
Pikel hits you with a +1 whip of electrocution!
You hit Pikel.
Pikel is lightly wounded.
Pikel says, "You'll burn in Gehenna!"
Pikel barely misses you.
Pikel hits you with a +1 whip of electrocution.
You slash Pikel!
Pikel is moderately wounded.
Pikel misses you.
Pikel hits you with a +1 whip of electrocution.
You slash Pikel!
Pikel is heavily wounded.
Pikel drinks a potion.
Pikel is healed!
You closely miss Pikel.
Pikel is moderately wounded.
Pikel hits you with a +1 whip of electrocution. x2
You closely miss Pikel.
Pikel is moderately wounded.
Pikel hits you with a +1 whip of electrocution.
* * * LOW HITPOINT WARNING * * *
Pikel hits you with a +1 whip of electrocution.
* * * LOW HITPOINT WARNING * * *
You closely miss Pikel.
Pikel is lightly wounded.
Pikel closely misses you. Pikel hits you but does no damage.
You slash Pikel!
Pikel is heavily wounded.
Pikel misses you.
You closely miss Pikel.
Pikel is heavily wounded.
Pikel hits you with a +1 whip of electrocution!
You die...

######### #.......#
#.......#
#.......##########...
#............@K55..#
#.......#######55....
#..(..†....... g.###
#.......###### .#
####.#.## # #.#.#
#.#.#######
#..........
#...#.####.##


You could see Pikel, 4 lemures and a goblin.

Vanquished Creatures
  3 wights (D:3)
  Robin (D:3)
  3 adders
  2 orcs
  6 ball pythons
  5 bats
  7 endoplasms
  3 giant cockroaches
  17 goblins
  8 hobgoblins
  2 jackals (D:1)
  5 quokkas
  A frilled lizard (D:1)
  7 kobolds
  8 rats
78 creatures vanquished.

Vanquished Creatures (others)
  62 foxfires
62 creatures vanquished.

Grand Total: 140 creatures vanquished

Notes
Turn   | Place    | Note
-------+----------+-------------------------------------------
     0 | D:1      | jestyr24 the Gargoyle Fire Elementalist began the quest for
                  | the Orb.
     0 | D:1      | Reached XP level 1. HP: 10/10 MP: 3/3
   200 | D:1      | Reached XP level 2. HP: 11/15 MP: 0/5
   722 | D:1      | Reached XP level 3. HP: 20/20 MP: 4/6
  1152 | D:2      | Found a faded altar of an unknown god.
  1198 | D:2      | Reached skill level 1 in Fighting
  1609 | D:2      | Reached XP level 4. HP: 25/25 MP: 7/7
  1622 | D:2      | Learned a level 3 spell: Inner Flame
  2099 | D:3      | Noticed Robin
  2150 | D:3      | Killed Robin
  2391 | D:3      | Found a bloodstained altar of Trog.
  2587 | D:3      | Reached skill level 1 in Hexes
  2587 | D:3      | Reached XP level 5. HP: 22/30 MP: 8/8
  2593 | D:3      | Reached skill level 4 in Fire Magic
  2593 | D:3      | Reached XP level 6. HP: 6/36 MP: 8/10
  3452 | D:4      | Noticed Pikel
  3469 | D:4      | Slain by Pikel

Illustrated notes

Levels and vault maps discovered:
D:1:      dpeg_arrival_boxes_within_box, layout_loops_ring,
          chequers_serial_rivers_small_b
D:2:      layout_loops_ring, ebering_ecumenical_altar_ruins
D:3:      layout_basic, lemuel_round_altar, wad_floor_pattern_untrapped,
          minmay_misc_feat_encased, grunt_decor_mini_mirrors,
          kennysheep_doodads, chequers_serial_rivers_large_b, minmay_quantized,
          uniq_robin
D:4:      layout_loops_ring, serial_shops, nicolae_shop_crystal, uniq_pikel,
          uniq_menkaure, uniq_crazy_yiuf_cottage

Skill      XL: |  1  2  3  4  5 |
---------------+----------------+-----
Fighting       | 1 2 |  2.9
Hexes          | 1 |  1.5
Stealth        | 3 |  3.1
Conjurations   | 2 |  2.1
Fire Magic     | 4 |  4.0
Short Blades   | |  0.2
Dodging        | |  1.9
Spellcasting   | |  2.7

Action                   |  1- 3 |  4- 6 || total
-------------------------+-------+-------++-------
Melee: Dagger            |    31 |       ||    31
       Quarterstaff      |    36 |    34 ||    70
       Falchion          |       |    26 ||    26
       Great sword       |       |    30 ||    30
 Cast: Foxfire           |    31 |     7 ||    38
  Use: Scroll            |       |     5 ||     5
 Stab: Sleeping          |     2 |     3 ||     5
Armor: Robe              |    24 |    20 ||    44
Dodge: Dodged            |    55 |    61 ||   116
       Rpst.: Falchion   |       |     7 ||     7
       Great sword       |       |     5 ||     5

Table legend: (Time is in decaauts)
 A = Elapsed time spent in this place.
 B = Non-inter-level travel time spent in this place.
 C = Inter-level travel time spent in this place.
 D = Time resting spent in this place.
 E = Time spent auto-exploring this place.
 F = Levels seen in this place.
 G = Mean time per level.
                   A        B        C        D        E       F      G
               +--------+--------+--------+--------+--------+-----+--------+
         Total |   3542 |   3443 |     99 |    479 |   2229 |   4 |  885.5 |
       Dungeon |   3542 |   3443 |     99 |    479 |   2229 |   4 |  885.5 |
               +--------+--------+--------+--------+--------+-----+--------+

Top non-repeatable levels by time:
     D:3: 1355 daAuts
     D:1: 1151 daAuts
     D:2: 899 daAuts
     D:4: 135 daAuts
